AoeStats
← timdeclercq55

Socotra

506692880Analyzed
2v2 RM · 19d ago on Sep 14, 2026· 36m 22s· 4 players
Game mode
Random Map
Map size
Tiny (2 player)
Population
200
Speed
Normal
Resources
Standard
Victory
Conquest
Starting age
Dark Age
Ending age
Imperial Age
RankedLock teamsTeams togetherTeam positionsShared explorationLock speedFull tech treeHidden civsTurbo modeCheats
Victory
Defeat
🇺🇸 Magyars · United States
949
+17
🇧🇷 Malay · Brazil
945
+17
🇧🇪 Vikings · Belgium
1009
-19
🇧🇪 Armenians · Belgium
913
-15
Ccow6
1:03 Loom
11:17 Feudal Age
11:57 Double-Bit Axe
11:53 Horse Collar
13:58 Bloodlines
22:52 Castle Age
21:23 Scale Barding Armor
21:35 Gold Mining
24:10 Chain Barding Armor
27:46 Bow Saw
27:39 Heavy Plow
29:38 Stone Mining
30:24 Gold Shaft Mining
32:47 Wheelbarrow
32:38 Husbandry
34:57 Hand Cart
felipe
11:26 Feudal Age
11:57 Double-Bit Axe
12:32 Loom
17:29 Gold Mining
20:57 Fletching
24:58 Castle Age
25:19 Elite Skirmisher
26:24 Bodkin Arrow
28:09 Thumb Ring
B0nzo53
7:36 Loom
10:03 Feudal Age
16:52 Fletching
21:43 Castle Age
20:47 Padded Archer Armor
21:47 Crossbowman
22:48 Bodkin Arrow
23:55 Leather Archer Armor
32:38 Gold Mining
timdeclercq55
3:31 Loom
12:35 Feudal Age
13:44 Man-at-Arms
19:19 Long Swordsman
21:01 Arson
23:32 Scale Mail Armor
25:13 Pikeman
32:37 Double-Bit Axe
38:44 Castle Age
Connection lost

Rejoining the realm…

Still unreachable

The connection could not be restored.

Session expired

The server has moved on; the page needs a fresh start.